 Dungeon Crawl Stone Soup version 0.31-a0-246-g8cbcc1cb85 (webtiles) character file.

Game seed: 8785554433679887838

37 qw the Shooter (level 3, -1/29 HPs)
             Began as a Minotaur Hexslinger on July 12, 2023.
             Slain by a hobgoblin (4 damage)
             ... on level 2 of the Dungeon.
             The game lasted 00:00:15 (1038 turns).

qw the Shooter (Minotaur Hexslinger)                Turns: 1038, Time: 00:00:16

Health: -1/29      AC:  3    Str: 12    XL:     3   Next: 21%
Magic:  3/3        EV: 12    Int: 10    God:
Gold:   49         SH:  0    Dex: 14    Spells: 3/4 levels left

rFire   . . .        Y - +1 sling
rCold   . . .        (no shield)
rNeg    . . .        g - +0 leather armour
rPois   .            (helmet restricted)
rElec   .            (no cloak)
rCorr   .            (no gloves)
SInv    .            (no boots)
Will    .....        (no amulet)
Stlth   +            (no ring)
HPRegen 0.24/turn    (no ring)
MPRegen 0.08/turn

%: no passive effects
@: no status effects
A: horns 2, retaliatory headbutt
a: no special abilities


You were on level 2 of the Dungeon.
You visited 1 branch of the dungeon, and saw 2 of its levels.

You collected 49 gold pieces.


Innate Abilities, Weirdness & Mutations

You have a pair of horns on your head.
You reflexively headbutt those who attack you in melee.


   Skills:
 - Level 2.0 Fighting
 + Level 3.8 Ranged Weapons
 - Level 2.1 Dodging
 - Level 1.0 Spellcasting
 - Level 2.0 Hexes


You had 3 spell levels left.
You knew the following spells:

 Your Spells              Type           Power      Damage    Failure   Level
a - Slow                  Hex            16%        N/A       19%         1

Your spell library contained the following spells:

 Spells                   Type           Power      Damage    Failure   Level
 Inner Flame              Hex/Fire       2%         N/A       65%         3
 Portal Projectile        Hex/Tloc       4%         N/A       65%         3
 Cause Fear               Hex            2%         N/A       88%         4

Inventory:

Hand Weapons
 Y - a +1 sling (weapon)
Armour
 g - a +0 leather armour (worn)
Scrolls
 a - a scroll of identify

Dungeon Overview and Level Annotations

Branches:
Dungeon (2/15)

Altars:

Annotations:
D:2 Robin


Message History

You feel agile. x2
You shoot a sling bullet.
The sling bullet barely misses the hobgoblin.
The sling bullet hits the dart slug.
The dart slug is heavily wounded.
The goblin misses you. x2; You furiously retaliate!
You headbutt the goblin!
You kill the goblin!
The hobgoblin closely misses you. The goblin hits you but does no damage.
You shoot a sling bullet.
The sling bullet completely misses the hobgoblin.
The sling bullet hits the dart slug.
You kill the dart slug!
The goblin closely misses you. You furiously retaliate!
You headbutt the goblin!
You kill the goblin!
The hobgoblin barely misses you. Robin throws the goblin at you!
The goblin barely misses you. You furiously retaliate!
You headbutt the goblin.
You kill the goblin!
You shoot a sling bullet. The sling bullet hits the hobgoblin.
The hobgoblin is heavily wounded.
The goblin closely misses you. You furiously retaliate!
You headbutt the goblin!
You kill the goblin!
The hobgoblin hits you.
You shoot a sling bullet.
The sling bullet hits the hobgoblin but does no damage.
The hobgoblin is heavily wounded.
Robin closely misses you. The hobgoblin hits you.
You shoot a sling bullet.
The sling bullet hits the hobgoblin but does no damage.
The hobgoblin is heavily wounded.
Robin hits you with a +0 whip. The hobgoblin hits you.
You shoot a sling bullet.
The sling bullet closely misses the hobgoblin.
A goblin comes into view. It is wielding a +0 club.
Robin misses you. You furiously retaliate!
You headbutt Robin! The hobgoblin hits you.
You shoot a sling bullet. The sling bullet barely misses Robin.
Robin misses you.
A goblin comes into view. It is wielding a +0 dagger.
The hobgoblin barely misses you. The hobgoblin hits you.
You die...

#.# #.# #.# #.#########
#.#........
######.#.#######
.......<........
######.##############.#.
#.........)@g%....)
................g)..g...
#####################g##


You could see Robin, a hobgoblin (strong) and 2 goblins.

Vanquished Creatures
  2 dart slugs
  2 endoplasms
  A giant cockroach (D:1)
  8 goblins
  6 hobgoblins
  A kobold (D:1)
  2 ball pythons (D:1)
  3 bats (D:1)
  2 rats (D:1)
27 creatures vanquished.

Notes
Turn   | Place    | Note
-------+----------+-------------------------------------------
     0 | D:1      | qw the Minotaur Hexslinger began the quest for the Orb.
     0 | D:1      | Reached XP level 1. HP: 16/16 MP: 1/1
     0 | D:1      | 0 ||| qw: Version: 0.3-a-52-g30416fa
     0 | D:1      | 0 ||| qw: Game counter: 6475
     0 | D:1      | 0 ||| qw: Melee chars always use a shield: true
     0 | D:1      | 0 ||| qw: God list: Okawaru
     0 | D:1      | 0 ||| qw: Allow faded altars: false
     0 | D:1      | 0 ||| qw: Do Orc after clearing Dungeon:15 true
     0 | D:1      | 0 ||| qw: Do second Lair branch before Depths: true
     0 | D:1      | 0 ||| qw: Lair rune preference: random
     0 | D:1      | 0 ||| qw: Goals: Normal
     0 | D:1      | 0 ||| PLANNING D:1-11
   169 | D:1      | Reached skill level 3 in Ranged Weapons
   280 | D:1      | Reached XP level 2. HP: 23/23 MP: 2/2
   864 | D:1      | 864 ||| UPGRADING to +0 leather armour.
   874 | D:1      | 874 ||| DROPPING +0 robe.
   875 | D:1      | 875 ||| READING 3 scrolls labelled CACUIQ WO DAPN.
   876 | D:1      | 876 ||| READING scroll labelled NUIVUAZXUI.
   977 | D:1      | 977 ||| READING 2 scrolls of identify.
   977 | D:1      | 977 ||| IDENTIFYING murky black potion
   978 | D:1      | 978 ||| DROPPING scroll of poison.
   979 | D:1      | 979 ||| DROPPING potion of berserk rage.
  1026 | D:2      | Noticed Robin
  1032 | D:2      | Reached XP level 3. HP: 18/29 MP: 3/3
  1036 | D:2      | HP: 5/29 [hobgoblin (5)]
  1038 | D:2      | Slain by a hobgoblin

Levels and vault maps discovered:
D:1:      reono_arrival_forest_river, layout_basic, serial_aquarium,
          aquarium_bridge_square [aquarium_subvault_balcony,
          aquarium_subvault_window, aquarium_subvault_wall,
          aquarium_subvault_bridge], aquarium_window_1,
          aquarium_window_corridor_3, aquarium_view_2c
D:2:      layout_basic, uniq_robin

Skill      XL: |  1  2 |
---------------+-------+-----
Ranged Weapons | 3 |  3.8
Fighting       | 2 |  2.0
Dodging        | |  2.1
Spellcasting   | |  1.0
Hexes          | |  2.0

Action                     || total
---------------------------++-------
   Fire: Sling             ||    63
    Use: Scroll            ||     3
 Armour: Leather armour    ||     3
         Robe              ||     2
  Dodge: Dodged            ||    22

Table legend:
 A = Non-vault XP
 B = Vault XP
 C = Vault XP percentage of total XP
 D = Non-vault monster count
 E = Vault monster count
 F = Vault count percentage of total count
                 A         B        C        D         E       F
            +---------+---------+-------+---------+---------+-------
      Total |      37 |      16 |  30.2 |      19 |       8 |  29.6
            +---------+---------+-------+---------+---------+-------
        D:1 |      31 |       0 |   0.0 |      17 |       0 |   0.0
        D:2 |       6 |      16 |  72.7 |       2 |       8 |  80.0
            +---------+---------+-------+---------+---------+-------
